AoeStats
← El wey

Arabia

510217932Analyzed
2v2 RM · 2d ago on Sep 30, 2026· 44m 37s· 4 players
Game mode
Random Map
Map size
Medium (4 player)
Population
200
Speed
Normal
Resources
Standard
Victory
Conquest
Starting age
Dark Age
Ending age
Imperial Age
RankedLock teamsTeams togetherTeam positionsShared explorationLock speedFull tech treeHidden civsTurbo modeCheats
Victory
Defeat
🇦🇷 Ethiopians · Argentina
1034
+16
🇦🇷 Franks · Argentina
1018
+18
🇨🇱 Saracens · Chile
1041
-17
1038
-17
IIIGekoIII
7:32 Loom
10:20 Feudal Age
16:08 Wheelbarrow
22:16 Castle Age
20:32 Forging
22:26 Scale Barding Armor
23:37 Double-Bit Axe
24:22 Chain Barding Armor
24:14 Gold Mining
26:48 Iron Casting
26:21 Fletching
29:55 Hand Cart
32:03 Town Watch
36:25 Imperial Age
34:06 Bodkin Arrow
38:16 Chemistry
42:28 Blast Furnace
42:04 Plate Barding Armor
43:51 Cavalier
El wey
7:38 Loom
10:13 Feudal Age
10:47 Double-Bit Axe
16:52 Scale Mail Armor
17:08 Padded Archer Armor
20:02 Wheelbarrow
21:21 Fletching
24:12 Castle Age
24:16 Crossbowman
25:04 Thumb Ring
24:56 Bodkin Arrow
25:46 Bow Saw
28:26 Gold Mining
35:35 Hand Cart
35:46 Leather Archer Armor
40:26 Imperial Age
41:22 Ballistics
41:12 Arbalester
Eliotico (VolachosClan)
7:11 Loom
9:32 Feudal Age
18:56 Wheelbarrow
21:44 Castle Age
22:14 Fletching
22:24 Padded Archer Armor
25:16 Double-Bit Axe
25:12 Horse Collar
43:35 Bodkin Arrow
lalan (VolachosClan)
4:44 Loom
10:26 Feudal Age
25:20 Castle Age
24:01 Double-Bit Axe
25:17 Gold Mining
25:22 Stone Mining
25:14 Horse Collar
27:58 Husbandry
28:38 Gold Shaft Mining
30:08 Forging
30:03 Scale Barding Armor
30:06 Padded Archer Armor
30:37 Bloodlines
31:08 Wheelbarrow
33:15 Iron Casting
33:00 Chain Barding Armor
33:13 Bow Saw
38:05 Hand Cart
38:14 Heavy Plow
40:19 Town Watch
43:13 Imperial Age
43:39 Heavy Camel Rider
Connection lost

Rejoining the realm…

Still unreachable

The connection could not be restored.

Session expired

The server has moved on; the page needs a fresh start.